AoeStats
← 07jriley

Arena

513190874Analyzed
4v4 RM · 9d ago on Oct 12, 2026· 49m 17s· 8 players
Game mode
Random Map
Map size
Large (8 player)
Population
200
Speed
Normal
Resources
Standard
Victory
Conquest
Starting age
Dark Age
Ending age
Imperial Age
RankedLock teamsTeams togetherTeam positionsShared explorationLock speedFull tech treeHidden civsTurbo modeCheats
Victory
Defeat
🇩🇪 Wu · Germany
970
+14
🇦🇹 Goths · Austria
965
+14
🇬🇧 Khmer · United Kingdom
880
+17
🇮🇹 Italians · Italy
875
+18
vs
🇨🇦 Magyars · Canada
934
-16
🇯🇵 Georgians · Japan
921
-16
🇮🇳 Spanish · India
911
-16
🇹🇼 Khmer · Taiwan
901
-15
SHALOMS WRATH
3:39 Loom
11:32 Feudal Age
12:51 Double-Bit Axe
18:44 Castle Age
16:41 Double-Bit Axe
16:45 Horse Collar
17:13 Gold Mining
20:27 Bow Saw
21:07 Wheelbarrow
27:46 Hand Cart
28:47 Masonry
29:49 Caravan
30:20 Coinage
33:05 Imperial Age
31:16 Bloodlines
31:07 Husbandry
32:08 Ballistics
32:03 Padded Archer Armor
31:53 Fletching
33:06 Heavy Plow
33:38 Leather Archer Armor
33:18 Bodkin Arrow
33:23 Murder Holes
35:11 Two-Man Saw
34:45 Banking
34:41 Guilds
34:59 Elite Conquistador
36:00 Conscription
36:47 Ring Archer Armor
37:54 Bracer
37:59 Scale Barding Armor
38:05 Forging
39:44 Chain Barding Armor
41:18 Light Cavalry
42:37 Plate Barding Armor
42:38 Iron Casting
41:56 Hussar
44:10 Chemistry
43:41 Architecture
43:22 Fortified Wall
47:21 Blast Furnace
kagemusha
10:55 Feudal Age
15:12 Castle Age
13:58 Double-Bit Axe
14:10 Stone Mining
15:27 Horse Collar
22:00 Loom
22:01 Town Watch
23:07 Bow Saw
25:40 Fletching
27:30 Bodkin Arrow
29:01 Wheelbarrow
29:52 Gold Mining
33:18 Imperial Age
32:05 Hand Cart
32:14 Hand Cart
31:59 Elite Skirmisher
34:10 Scale Barding Armor
34:16 Forging
34:06 Padded Archer Armor
34:07 Bracer
34:58 Conscription
35:35 Chain Barding Armor
35:46 Murder Holes
36:53 Chemistry
37:00 Leather Archer Armor
37:21 Iron Casting
37:22 Plate Barding Armor
39:20 Blast Furnace
43:11 Bloodlines
42:21 Light Cavalry
44:45 Hussar
45:28 Husbandry
交保候傳
10:52 Feudal Age
14:31 Castle Age
12:55 Horse Collar
13:02 Double-Bit Axe
16:06 Bow Saw
17:44 Wheelbarrow
18:23 Heavy Plow
25:27 Hand Cart
25:22 Loom
26:35 Ballistics
26:58 Gold Mining
26:59 Stone Mining
30:51 Imperial Age
28:07 Town Watch
29:44 Bloodlines
29:34 Husbandry
29:48 Scale Barding Armor
29:54 Forging
30:11 Caravan
30:42 Coinage
30:53 Gold Shaft Mining
30:55 Stone Shaft Mining
31:40 Chain Barding Armor
31:56 Iron Casting
31:26 Devotion
31:19 Elite Ballista Elephant
32:33 Conscription
32:27 Town Patrol
33:19 Crop Rotation
33:49 Double Crossbow
34:23 Light Cavalry
35:33 Hussar
35:34 Elite Battle Elephant
37:37 Tusk Swords
39:55 Plate Barding Armor
40:20 Blast Furnace
39:11 Fletching
Marshall
12:52 Feudal Age
13:58 Double-Bit Axe
13:57 Horse Collar
20:52 Castle Age
19:04 Gold Mining
19:34 Padded Archer Armor
19:57 Fletching
21:44 Bow Saw
21:41 Heavy Plow
22:47 Gold Shaft Mining
24:39 Leather Archer Armor
25:37 Thumb Ring
26:27 Ballistics
27:10 Bodkin Arrow
27:21 Caravan
30:38 Imperial Age
29:28 Treadmill Crane
31:58 Crop Rotation
31:48 Bracer
32:17 Parthian Tactics
40:15 Two-Man Saw
40:35 Bloodlines
40:29 Husbandry
39:52 Cavalier
40:24 Light Cavalry
07jriley
10:33 Feudal Age
11:06 Double-Bit Axe
14:13 Wheelbarrow
16:31 Castle Age
15:36 Gold Mining
17:59 Bow Saw
18:20 Loom
23:16 Hand Cart
23:14 Stone Mining
23:58 Town Watch
25:04 Stone Shaft Mining
26:06 Gold Shaft Mining
27:18 Forging
27:10 Man-at-Arms
27:36 Arson
30:29 Imperial Age
28:34 Long Swordsman
29:27 Scale Mail Armor
29:11 Horse Collar
29:39 Town Patrol
30:21 Fletching
30:55 Bloodlines
30:55 Scale Barding Armor
31:15 Ballistics
31:52 Husbandry
31:53 Bodkin Arrow
32:12 Masonry
34:20 Bracer
34:30 Siege Engineers
35:05 Elite Battle Elephant
36:45 Heavy Scorpion
39:45 Chemistry
39:31 Capped Ram
49:25 Tusk Swords
49:41 Forging
Wurzelsepp
11:14 Feudal Age
15:14 Castle Age
13:35 Double-Bit Axe
13:55 Horse Collar
15:35 Fletching
15:51 Loom
16:44 Padded Archer Armor
22:15 Wheelbarrow
22:21 Bow Saw
23:17 Town Watch
24:53 Hand Cart
24:33 Gold Mining
24:47 Heavy Plow
25:27 Stone Mining
25:40 Bodkin Arrow
26:54 Ballistics
27:06 Red Cliffs Tactics
28:30 Gold Shaft Mining
29:10 Stone Shaft Mining
31:37 Imperial Age
29:38 Masonry
29:46 Leather Archer Armor
30:41 Treadmill Crane
31:12 Squires
31:45 Elite Fire Archer
33:14 Conscription
32:58 Bracer
34:36 Chemistry
34:06 Pikeman
34:49 Scale Mail Armor
34:59 Forging
36:45 Two-Man Saw
36:04 Halberdier
37:02 Chain Mail Armor
37:23 Iron Casting
38:20 Sitting Tiger
38:56 Plate Mail Armor
38:15 Arson
40:49 Blast Furnace
42:54 Architecture
42:21 Murder Holes
donkeykong05
13:03 Feudal Age
13:32 Double-Bit Axe
13:28 Horse Collar
13:41 Gold Mining
15:09 Stone Mining
19:08 Castle Age
20:25 Forging
20:08 Pikeman
29:36 Imperial Age
29:39 Scale Mail Armor
31:22 Iron Casting
30:56 Squires
31:39 Chain Mail Armor
32:06 Halberdier
34:12 Blast Furnace
35:42 Anarchy
36:25 Perfusion
44:43 Capped Ram
45:56 Elite Huskarl
avvo90
9:44 Feudal Age
10:17 Double-Bit Axe
12:53 Horse Collar
17:56 Castle Age
15:49 Man-at-Arms
18:43 Stone Mining
19:09 Gold Mining
20:14 Fletching
21:13 Bow Saw
22:25 Heavy Plow
25:24 Wheelbarrow
30:00 Imperial Age
28:03 Ballistics
28:08 Bodkin Arrow
31:47 Chemistry
32:41 Padded Archer Armor
34:13 Elite Skirmisher
36:06 Bracer
36:21 Leather Archer Armor
38:59 Thumb Ring
40:46 Elite Genoese Crossbowman
44:15 Conscription
45:01 Murder Holes
48:04 Two-Man Saw
Connection lost

Rejoining the realm…

Still unreachable

The connection could not be restored.

Session expired

The server has moved on; the page needs a fresh start.